 Dungeon Crawl Stone Soup version 0.30-a0-778-g2ef04afb54 (webtiles) character file.

Game seed: 8343035141084859839

9 mopl the Cudgeller (level 2, -1/39 HPs)
             Began as a Meteoran Berserker on Feb 15, 2023.
             Was a Follower of Trog.
             Slain by a rat (2 damage)
             ... on level 1 of the Dungeon.
             The game lasted 00:00:27 (68 turns).

mopl the Cudgeller (Meteoran Berserker)               Turns: 68, Time: 00:00:27

Health: -1/39      AC:  2    Str: 18    XL:     2   Next: 35%
Magic:  3/3        EV: 12    Int:  8    God:    Trog [*.....]
Gold:   16         SH:  0    Dex: 13    Spells: 1/1 levels left

rFire   . . .      SeeInvis .    a - +0 mace
rCold   . . .      Faith    .    (no shield)
rNeg    . . .      Spirit   .    b - +0 animal skin
rPois   .          Reflect  .    (no helmet)
rElec   .          Harm     .    (no cloak)
rCorr   .          Rampage  .    (no gloves)
Will    .....                    (no boots) Stlth
                                 (no amulet)
HPRegen 0.26/turn                (no ring)
MPRegen 0.08/turn                (no ring)

@: berserking (expiring), glowing, very quick
A: sense surroundings 1, otherworldly, glowing, explore regen
a: Renounce Religion, Berserk


You were on level 1 of the Dungeon.
You worshipped Trog.
Trog was aware of your devotion.
You visited 1 branch of the dungeon, and saw 1 of its levels.

You collected 16 gold pieces.

Inventory:

Hand Weapons
 a - a +0 mace (weapon)
Armour
 b - a +0 animal skin (worn)


   Skills:
 + Level 3.4 Fighting
 * Level 4.3 Maces & Flails
 + Level 2.6 Armour
 + Level 2.6 Dodging


You had one spell level left.
You didn't know any spells.
Your spell library was empty.

Dungeon Overview and Level Annotations

Branches:
Dungeon (1/15) Zot: 525

Altars:


Innate Abilities, Weirdness & Mutations

You passively map a small area around you.
You are easily found by Zot.
You glow in the dark.
You regain HP and MP as you explore.


Message History

The hobgoblin hits you.
You closely miss the goblin. The goblin completely misses you.
The rat completely misses you. The frilled lizard bites you.
The hobgoblin hits you but does no damage.
You miss the goblin. The rat closely misses you.
The hobgoblin barely misses you. The goblin hits you with a +0 dagger.
The frilled lizard closely misses you.
You barely miss the goblin. You hit the goblin.
The goblin is severely wounded.
The frilled lizard bites you. The hobgoblin closely misses you.
The goblin closely misses you. The rat completely misses you.
You hit the goblin.
You kill the goblin!
Trog accepts your kill. The rat bites you. The frilled lizard bites you.
The hobgoblin barely misses you.
You barely miss the rat. The rat bites you.
* * * LOW HITPOINT WARNING * * *
The hobgoblin hits you.
* * * LOW HITPOINT WARNING * * *
The frilled lizard bites you.
* * * LOW HITPOINT WARNING * * *
You barely miss the rat. You completely miss the hobgoblin. The rat bites you.
* * * LOW HITPOINT WARNING * * *
The frilled lizard bites you but does no damage.
The hobgoblin barely misses you.
You bludgeon the hobgoblin!!
You kill the hobgoblin!
Trog accepts your kill. The rat bites you.
* * * LOW HITPOINT WARNING * * *
The frilled lizard bites you.
* * * LOW HITPOINT WARNING * * *
You completely miss the frilled lizard. The rat closely misses you.
The frilled lizard bites you.
* * * LOW HITPOINT WARNING * * *
You miss the frilled lizard. The rat bites you.
You die...

.......... .....# ,
.(#....### ......,
......# .....#. .....#
##....?.) ..#..#
#........, ....#
#........ , ..#.#
#######[.......
..#.######......†l......
,
.##.#......#####@.......
* , .##........#
#)r...... * ....#.....##
#........ .##.####### ,
......... ....# , ,
######### , ........#* *
>...##### #####


You could see a frilled lizard and a rat.

Vanquished Creatures
  An endoplasm (D:1)
  2 goblins (D:1)
  2 hobgoblins (D:1)
  A quokka (D:1)
  A ball python (D:1)
7 creatures vanquished.

Notes
Turn   | Place    | Note
-------+----------+-------------------------------------------
     0 | D:1      | mopl the Meteoran Berserker began the quest for the Orb.
     0 | D:1      | Reached XP level 1. HP: 19/19 MP: 2/2
    19 | D:1      | Reached XP level 2. HP: 9/26 MP: 3/3
    67 | D:1      | HP: 1/39 [frilled lizard (1)]
    68 | D:1      | Slain by a rat

Illustrated notes

Levels and vault maps discovered:
D:1:      lightli_arrival_chessboard, layout_rooms, roderic_lattice_a,
          serial_park_tiny_1

Action                     || total
---------------------------++-------
  Melee: Mace              ||    23
 Invoke: Berserk           ||     2
 Armour: Animal skin       ||     5
  Dodge: Dodged            ||    27

Table legend: (Time is in decaauts)
 A = Elapsed time spent in this place.
 B = Non-inter-level travel time spent in this place.
 C = Inter-level travel time spent in this place.
 D = Time resting spent in this place.
 E = Time spent auto-exploring this place.
 F = Levels seen in this place.
 G = Mean time per level.
                   A        B        C        D        E       F      G
               +--------+--------+--------+--------+--------+-----+--------+
         Total |     73 |     73 |      0 |      0 |      0 |   1 |   73.0 |
       Dungeon |     73 |     73 |      0 |      0 |      0 |   1 |   73.0 |
               +--------+--------+--------+--------+--------+-----+--------+

Top non-repeatable levels by time:
     D:1: 73 daAuts
